 Dungeon Crawl Stone Soup version 0.27.1-34-g3ba077fa99 (webtiles) character file.

Game seed: 2328942620099679015

46 sankara the Ruffian (level 3, -3/33 HPs)
             Began as a Minotaur Monk on Jan 22, 2022.
             Slain by Sigmund (9 damage)
             ... on level 2 of the Dungeon.
             The game lasted 00:01:55 (1503 turns).

sankara the Ruffian (Minotaur Monk)                 Turns: 1503, Time: 00:01:56

Health: -3/33      AC:  5    Str: 15    XL:     3   Next: 46%
Magic:  2/2        EV: 11    Int:  7    God:
Gold:   89         SH:  0    Dex: 13    Spells: 2/2 levels left

rFire    . . .     SeeInvis .     - Unarmed
rCold    . . .     Faith    .   (no shield)
rNeg     . . .     Spirit   .   d - +0 ring mail
rPois    .         Reflect  .   (helmet restricted)
rElec    .         Harm     .   (no cloak)
rCorr    .         Rampage  .   (no gloves)
Will     .....                  (no boots)
Stlth    ..........             (no amulet)
HPRegen  0.11/turn              (no ring)
MPRegen  0.08/turn              (no ring)

@: confused, hasted, very quick
A: horns 2, retaliatory headbutt
a: no special abilities


You were on level 2 of the Dungeon.
You visited 1 branch of the dungeon, and saw 2 of its levels.

You collected 89 gold pieces.

Inventory:

Missiles
 c - 8 javelins (quivered)
 e - 5 boomerangs
 h - 22 sling bullets
Armour
 d - a +0 ring mail (worn)
Jewellery
 i - a ring of flight
Scrolls
 a - a scroll of amnesia {unknown}
 f - a scroll of teleportation {unknown}
Potions
 g - a potion of lignification {unknown}
 j - a potion of magic {unknown}


   Skills:
 + Level 4.0 Fighting
 + Level 1.4 Armour
 + Level 3.7 Dodging
 - Level 1.5 Stealth
 * Level 4.1 Unarmed Combat


You had 2 spell levels left.
You didn't know any spells.
Your spell library contained the following spells:

 Spells                   Type           Power      Damage    Failure   Level
 Frozen Ramparts          Ice            0%         1d2       95%         3
 Inner Flame              Hex/Fire       0%         N/A       95%         3
 Cause Fear               Hex            0%         N/A       100%        4
 Ice Form                 Ice/Tmut       0%         N/A       100%        4
 Summon Ice Beast         Ice/Summ       0%         N/A       100%        4
 Discord                  Hex            0%         N/A       100%        8


Dungeon Overview and Level Annotations

Branches:
Dungeon (2/15)

Altars:

Annotations:
D:2 Sigmund


Innate Abilities, Weirdness & Mutations

You have a pair of horns on your head.
You reflexively headbutt those who attack you in melee.


Message History

Sigmund hits you with a +0 scythe.
You hit Sigmund.
Sigmund is lightly wounded.
You closely miss Sigmund.
Sigmund is lightly wounded.
Sigmund points at you and mumbles some strange words.
The puff of flame hits you.
You barely miss Sigmund.
Sigmund is lightly wounded.
Sigmund closely misses you.
You closely miss Sigmund.
Sigmund is lightly wounded.
You closely miss Sigmund. You punch Sigmund, but do no damage.
Sigmund is lightly wounded.
Sigmund is suddenly surrounded by pale red light.
Sigmund closely misses you.
You closely miss Sigmund.
Sigmund is lightly wounded.
Sigmund hits you with a +0 scythe!
You are too injured to fight recklessly!
You are too injured to fight recklessly!
You hit Sigmund. Your headbutt misses Sigmund.
Sigmund is lightly wounded.
You closely miss Sigmund. Your headbutt misses Sigmund.
Sigmund is lightly wounded.
Sigmund completely misses you.
You closely miss Sigmund.
Sigmund is lightly wounded.
You hit Sigmund.
Sigmund is moderately wounded.
Sigmund points at you and mumbles some strange words.
You are confused.
You barely miss Sigmund. Your headbutt misses Sigmund.
Sigmund is moderately wounded.
Sigmund points at you and mumbles some strange words.
The puff of flame hits you!
* * * LOW HITPOINT WARNING * * *
It was a potion of haste.
You feel yourself speed up. Sigmund hits you with a +0 scythe!
You die...

.## ##.......##
##.##.# .#
##.....## ####.#
.# ......# #.#
.# ###+#.# #.#
.# #.#### #.# .
...# #.# ..# #.#
#@# #.#
..#.##@######.#
...............#
....###.########
.# #.# #.# ..#
###


You could see Sigmund.

Vanquished Creatures
  A dart slug (D:2)
  4 bats
  3 endoplasms (D:1)
  3 giant cockroaches
  4 goblins (D:1)
  6 hobgoblins
  3 quokkas
  6 ball pythons
  3 frilled lizards (D:1)
  2 kobolds (D:1)
  3 rats (D:1)
38 creatures vanquished.

Vanquished Creatures (others)
  4 toadstools (D:1)
4 creatures vanquished.

Grand Total: 42 creatures vanquished

Notes
Turn   | Place    | Note
-------+----------+-------------------------------------------
     0 | D:1      | sankara the Minotaur Monk began the quest for the Orb.
     0 | D:1      | Reached XP level 1. HP: 19/19 MP: 0/0
   213 | D:1      | Reached XP level 2. HP: 23/27 MP: 1/1
   352 | D:1      | Reached skill level 1 in Armour
   537 | D:1      | Found a faded altar of an unknown god.
   769 | D:1      | Reached XP level 3. HP: 33/33 MP: 2/2
  1489 | D:2      | Noticed Sigmund
  1503 | D:2      | Slain by Sigmund

Illustrated notes

Levels and vault maps discovered:
D:1:      ldierk_walled_garden_2, layout_loops_ring,
          hellmonk_ecumenical_altar_inner_sanctum, nrook_uturn
D:2:      layout_loops_corners, eino_tiny_chamber, kennysheep_potato,
          uniq_sigmund

Skill      XL: |  1  2  3 |
---------------+----------+-----
Armour         | 1 |  1.4
Fighting       | 4 |  4.0
Unarmed Combat | 4 |  4.1
Dodging        | |  3.7
Stealth        | |  1.5

Action                   || total
-------------------------++-------
Melee: Unarmed           ||    92
       Headbutt          ||     9
       Punch             ||     1
  Use: Potion            ||     1
 Stab: Sleeping          ||     2
Armor: Leather armour    ||     8
       Ring mail         ||    21
Dodge: Dodged            ||    37
